 Dungeon Crawl Stone Soup version 0.28.0-47-ge53b351184 (webtiles) character file.

Game seed: 14945048470986767473

139 Bruhh the Magician (level 5, 0/35 HPs)
             Began as a Djinni Earth Elementalist on May 2, 2022.
             Slain by a scorpion (8 damage)
             ... on level 4 of the Dungeon.
             The game lasted 00:05:48 (3356 turns).

Bruhh the Magician (Djinni Earth Elementalist)      Turns: 3356, Time: 00:05:49

Health: 0/35       AC:  3    Str: 11    XL:     5   Next: 46%
Gold:   123        EV: 13    Int: 18    God:
                   SH:  0    Dex: 31

rFire   + + .      SeeInvis .   s - +8 mace "Embalmer" {chaos, rPois Dex+4}
rCold   x . .      Faith    .   (no shield)
rNeg    . . .      Spirit   .   o - +1 robe of Ralog {Str+4 Dex+7}
rPois   ∞          Reflect  .   (no helmet)
rElec   .          Harm     .   (no cloak)
rCorr   .          Rampage  .   (no gloves)
Will    +....                   (boots unavailable)
Stlth   +++.......              (no amulet)
HPRegen 0.11/turn               f - +6 ring of dexterity
MPRegen 0.00/turn               j - ring of willpower

@: flying
A: sickness immunity, fire resistance 2, cold vulnerability 1, float, innate
caster, HP casting, extra vitality 1
a: no special abilities


You were on level 4 of the Dungeon.
You visited 1 branch of the dungeon, and saw 4 of its levels.

You collected 123 gold pieces.

Inventory:

Hand Weapons
 h - a +1 dagger of venom
 s - the +8 mace "Embalmer" (weapon) {chaos, rPois Dex+4}
   (You found it on level 3 of the Dungeon)

   Each time it hits an enemy it has a different, random effect.
   Dex:       It affects your dexterity (+4).
   rPois:     It protects you from poison.
Missiles
 c - 38 stones
Armour
 b - a +0 robe
 n - a +0 robe of cold resistance
 o - the +1 robe of Ralog (worn) {Str+4 Dex+7}
   (You found it on level 3 of the Dungeon)

   Str:       It affects your strength (+4).
   Dex:       It affects your dexterity (+7).
Jewellery
 f - a +6 ring of dexterity (left hand)
 j - a ring of willpower (right hand)
Scrolls
 a - 2 scrolls of fear {unknown}
 d - 4 scrolls of identify {unknown}
 i - 2 scrolls of amnesia {unknown}
 l - a scroll of enchant weapon {unknown}
 r - a scroll of magic mapping {unknown}
Potions
 e - a potion of lignification {unknown}
 g - a potion of flight {unknown}
 k - 3 potions of curing {unknown}
 m - 2 potions of invisibility {unknown}
 p - a potion of attraction {unknown}
 q - a potion of might {unknown}


   Skills:
 - Level 2.1 Dodging
 - Level 1.5 Stealth
 + Level 4.4 Spellcasting


You couldn't memorise any spells.
You knew the following spells:

 Your Spells              Type           Power      Damage    Failure   Level
a - Sandblast             Erth           40%        2d10      2%          1
b - Passwall              Tmut/Erth      16%        N/A       3%          2
c - Stone Arrow           Conj/Erth      40%        3d9       7%          3
d - Petrify               Tmut/Erth      20%        N/A       22%         4
e - Shock                 Conj/Air       80%        1d8       2%          1
f - Static Discharge      Conj/Air       20%        N/A       3%          2
Your spell library was empty.

Dungeon Overview and Level Annotations

Branches:
Dungeon (4/15)
 Temple: D:4-7

Altars:
Fedhas
Zin


Innate Abilities, Weirdness & Mutations

You are immune to sickness and miasma.
You are immune to poison.
Your flesh is very heat resistant. (rF++)
You are vulnerable to cold. (rC-)
You float through the air rather than walking.
You learn spells naturally, not from books.
Your magical power is your life essence.
You have superior vitality. (+4 MHP)


Message History

Deactivating autopickup; reactivate with Ctrl-A.
The blast of sand hits the scorpion.
The scorpion is lightly wounded.
The scorpion closely misses you. The scorpion barely misses you.
The ball python barely misses you. The ball python grabs you.
You stop ascending the stairs.
The ball python constricts you.
You escape the ball python's grasp.
The scorpion stings you. The ball python closely misses you.
The ball python grabs you.
You stop ascending the stairs.
The ball python constricts you. The orc hits you with a +0 dagger.
You are too injured to fight recklessly!
Casting: Sandblast (safe; 2% risk of failure)
Confirm with . or Enter, or press ? or * to list all spells.
Aiming: Sandblast (safe; 2% risk of failure)
Press: ? - help, Shift-Dir - straight line, f/p - scorpion
Aim: a scorpion (lightly wounded, 81% to hit)
The blast of sand hits the scorpion.
The scorpion is moderately wounded.
The scorpion closely misses you.
The ball python bites you but does no damage.
The ball python constricts you. The orc hits you with a +0 dagger.
* * * LOW HITPOINT WARNING * * *
Casting: Sandblast (safe; 2% risk of failure)
Confirm with . or Enter, or press ? or * to list all spells.
Aiming: Sandblast (safe; 2% risk of failure)
Press: ? - help, Shift-Dir - straight line, f/p - scorpion
Aim: a scorpion (moderately wounded, 81% to hit)
The blast of sand hits the scorpion.
The scorpion is heavily wounded.
The kobold shouts!
* * * LOW HITPOINT WARNING * * *
The scorpion stings you but does no damage.
The ball python barely misses you. The ball python constricts you.
A kobold comes into view.
It is wielding a +0 dagger and quivering poisoned darts.
The scorpion stings you but does no damage.
The orc hits you but does no damage.
You escape the ball python's grasp.
The ball python barely misses you. The ball python misses you.
The scorpion stings you!
You die...

### ##.##
##..@## #
#...sS#
##.###oo##
#..#.#.o#
#.....!.#
##.....K#
##....K#
##........
........#


You could see a scorpion, an orc priest, 2 orcs, a ball python and 2 kobolds.

Vanquished Creatures
  A centaur zombie (D:3)
  Crazy Yiuf (D:3)
  2 adders
  A worm (D:2)
  2 dart slugs
  5 bats
  6 endoplasms
  5 giant cockroaches
  2 goblins (D:1)
  9 hobgoblins
  7 ball pythons
  7 frilled lizards
  5 kobolds
  4 rats
57 creatures vanquished.

Notes
Turn   | Place    | Note
-------+----------+-------------------------------------------
     0 | D:1      | Bruhh the Djinni Earth Elementalist began the quest for the
                  | Orb.
     0 | D:1      | Reached XP level 1. HP: 15/15 MP: 0/0
   224 | D:1      | Reached XP level 2. HP: 17/21 MP: 0/0
   619 | D:1      | Reached skill level 3 in Spellcasting
  1003 | D:2      | Reached XP level 3. HP: 23/25 MP: 0/0
  1003 | D:2      | Learned a level 1 spell: Shock
  1425 | D:2      | Found a blossoming altar of Fedhas.
  1697 | D:2      | Reached XP level 4. HP: 30/31 MP: 0/0
  2185 | D:3      | Identified the +1 robe of Ralog {Str+4 Dex+7}
  2462 | D:3      | Found a glowing silver altar of Zin.
  2516 | D:3      | Reached skill level 4 in Spellcasting
  2516 | D:3      | Reached XP level 5. HP: 31/35 MP: 0/0
  2516 | D:3      | Learned a level 2 spell: Static Discharge
  2610 | D:3      | Found a runed translucent door.
  2611 | D:3      | Noticed Crazy Yiuf
  2708 | D:3      | Noticed a black bear
  2828 | D:3      | Found a faded altar of an unknown god.
  3130 | D:3      | Killed Crazy Yiuf
  3135 | D:3      | Identified the +8 mace "Embalmer" {chaos, rPois Dex+4}
  3356 | D:4      | Slain by a scorpion

Illustrated notes

Levels and vault maps discovered:
D:1:      psy_arrival_dodecagon, layout_basic
D:2:      layout_loops_ring, basic_altar, minmay_tiny_reverse_x
D:3:      layout_basic, zin_statuary, nicolae_ecumenical_snake_handling,
          nrook_loot_triangle, lightli_corner_chamber, uniq_crazy_yiuf_cottage
D:4:      layout_cave_pools, cheibrodos_sewer_entry_drain,
          kennysheep_generic_room_10

Skill      XL: |  1  2  3  4 |
---------------+-------------+-----
Spellcasting   | 3 4 |  4.4
Dodging        | |  2.1
Stealth        | |  1.5

Action                   |  1- 3 |  4- 6 || total
-------------------------+-------+-------++-------
Melee: Dagger            |    10 |     9 ||    19
       Punch             |     1 |       ||     1
 Cast: Sandblast         |    46 |    31 ||    77
 Stab: Sleeping          |     1 |       ||     1
       Distracted        |       |     1 ||     1
Armor: Robe              |     3 |     6 ||     9
Dodge: Dodged            |    20 |    26 ||    46
